 Dungeon Crawl Stone Soup version 0.28.0-1-gb440e238dd (webtiles) character file.

Game seed: 439058061531292936

81 Ablot the Grasshopper (level 4, -1/38 HPs)
             Began as a Gnoll Warper on Feb 24, 2022.
             Slain by a hobgoblin (4 damage)
             ... on level 3 of the Dungeon.
             The game lasted 00:02:40 (2192 turns).

Ablot the Grasshopper (Gnoll Warper)                Turns: 2192, Time: 00:02:41

Health: -1/38      AC:  3    Str: 15    XL:     4   Next: 40%
Magic:  11/11      EV: 13    Int: 12    God:
Gold:   16         SH:  0    Dex: 11    Spells: 11/13 levels left

rFire   + . .      SeeInvis .   o - +6 dagger of Fojococrou {pain, Str+2}
rCold   + . .      Faith    .   (no shield)
rNeg    . . .      Spirit   .   b - +0 leather armour
rPois   .          Reflect  .   (no helmet)
rElec   .          Harm     .   p - scarf {rC+ rF+}
rCorr   .          Rampage  .   (no gloves)
Will    .....                   (no boots)
Stlth   +.........              (no amulet)
HPRegen 0.12/turn               (no ring)
MPRegen 0.12/turn               (no ring)

@: mighty
A: fangs 1, strong nose, distributed training
a: no special abilities


You were on level 3 of the Dungeon.
You visited 1 branch of the dungeon, and saw 3 of its levels.

You collected 85 gold pieces.
You spent 69 gold pieces at shops.

Inventory:

Hand Weapons
 a - a +0 spear
 o - the +6 dagger of Fojococrou (weapon) {pain, Str+2}
   (You found it on level 2 of the Dungeon)

   In the hands of one skilled in necromantic magic, it inflicts extra damage on
   living creatures.
   Str:       It affects your strength (+2).
Missiles
 d - 5 boomerangs of dispersal (quivered)
 e - 149 stones
 i - 26 bolts
 l - 2 poisoned darts
Armour
 b - a +0 leather armour (worn)
 g - a +2 buckler
 p - a scarf of resistance (worn)
Scrolls
 c - a scroll of blinking
 f - a scroll of noise {unknown}
 j - a scroll of fog {unknown}
 m - a scroll of enchant weapon {unknown}
Potions
 h - a potion of might
 k - 2 potions of attraction
 n - 2 potions of haste {unknown}
 q - 2 potions of curing
 r - a potion of brilliance {unknown}


   Skills:
 + Level 4.6 Fighting
 + Level 1.1 Short Blades
 + Level 1.1 Long Blades
 + Level 1.1 Axes
 + Level 1.1 Maces & Flails
 + Level 4.6 Polearms
 + Level 1.1 Staves
 + Level 1.1 Slings
 + Level 1.1 Bows
 + Level 1.1 Crossbows
 + Level 2.7 Throwing
 + Level 2.7 Armour
 + Level 4.6 Dodging
 + Level 1.1 Stealth
 + Level 1.1 Shields
 + Level 1.1 Unarmed Combat
 + Level 5.1 Spellcasting
 + Level 0.9 Conjurations
 + Level 0.9 Hexes
 + Level 0.9 Summonings
 + Level 0.9 Necromancy
 + Level 5.4 Translocations
 + Level 0.9 Transmutations
 + Level 0.9 Fire Magic
 + Level 0.9 Ice Magic
 + Level 0.9 Air Magic
 + Level 0.9 Earth Magic
 + Level 0.9 Poison Magic
 + Level 1.2 Invocations
 + Level 1.1 Evocations


You had 11 spell levels left.
You knew the following spells:

 Your Spells              Type           Power      Damage    Failure   Level
a - Blink                 Tloc           32%        N/A       3%          2

Your spell library contained the following spells:

 Spells                   Type           Power      Damage    Failure   Level
 Gell's Gravitas          Tloc           16%        N/A       8%          3
 Lesser Beckoning         Tloc           16%        N/A       8%          3
 Teleport Other           Tloc           16%        N/A       8%          3
 Manifold Assault         Tloc           16%        N/A       56%         5


Dungeon Overview and Level Annotations

Branches:
Dungeon (3/15)

Altars:
Kikubaaqudgha
Wu Jian

Shops:
D:2 !   D:3 *

Annotations:
D:3 Grinder


Innate Abilities, Weirdness & Mutations

You have very sharp teeth.
Your uncanny sense of smell can sniff out nearby items.
Your experience applies equally to all skills.


Message History

The hobgoblin hits you. Grinder hits you but does no damage.
You hit Grinder.
Grinder is severely wounded.
You feel less wooden.
Your scarf of resistance unmelds from your body.
Your +0 leather armour unmelds from your body.
You feel resistant to extremes of temperature.
The hobgoblin misses you. Grinder gestures at you.
Pain shoots through your body!
* * * LOW HITPOINT WARNING * * *
Unknown command.
You hit Grinder. Your bite misses Grinder.
Grinder is severely wounded.
The hobgoblin barely misses you.
Grinder zaps a wand.
You resist with some effort.
You hit Grinder. Your bite misses Grinder.
Grinder is severely wounded.
The hobgoblin hits you but does no damage.
Grinder says, "Just stop there for a second..."
Grinder completely misses you.
You barely miss Grinder.
Grinder is severely wounded.
The hobgoblin closely misses you. Grinder closely misses you.
You hit Grinder.
Grinder is almost dead.
The hobgoblin closely misses you. Grinder hits you.
* * * LOW HITPOINT WARNING * * *
You writhe in agony.
* * * LOW HITPOINT WARNING * * *
You hit Grinder. You bite Grinder, but do no damage.
Grinder is almost dead.
The hobgoblin hits you but does no damage.
Grinder gestures at you. Pain shoots through your body!
* * * LOW HITPOINT WARNING * * *
Unknown command.
You feel very mighty all of a sudden. The hobgoblin hits you.
You die...

#.( #.. #.# #
#.# ##.####.#
........#
#....5g# #@#
#†# #######.#
#.......#
#.####### #.#
#..# #.#
#..###.########
#..............


You could see Grinder and a hobgoblin.

Vanquished Creatures
  Jessica (D:3)
  2 adders
  A worm (D:3)
  5 ball pythons
  3 bats
  4 endoplasms
  2 giant cockroaches
  2 goblins (D:1)
  5 hobgoblins
  2 kobolds
  A quokka (D:2)
  A frilled lizard (D:1)
  2 rats
31 creatures vanquished.

Notes
Turn   | Place    | Note
-------+----------+-------------------------------------------
     0 | D:1      | Ablot the Gnoll Warper began the quest for the Orb.
     0 | D:1      | Reached XP level 1. HP: 20/20 MP: 6/6
   382 | D:1      | Reached XP level 2. HP: 26/26 MP: 7/7
   385 | D:1      | Learned a level 2 spell: Blink
  1159 | D:2      | Identified the +6 dagger of Fojococrou {pain, Str+2}
  1221 | D:2      | Found Dovvor's Distillery.
  1248 | D:2      | Bought a potion of curing for 30 gold pieces
  1282 | D:2      | Reached XP level 3. HP: 31/31 MP: 9/9
  1365 | D:2      | Reached skill level 5 in Spellcasting
  1865 | D:3      | Reached skill level 1 in Invocations
  1904 | D:3      | Found Cyziz's General Store.
  1920 | D:3      | Bought a potion of degeneration for 13 gold pieces
  1920 | D:3      | Bought a scroll of identify for 26 gold pieces
  1946 | D:3      | Found an ancient bone altar of Kikubaaqudgha.
  1960 | D:3      | Found an ornate altar of the Wu Jian Council.
  2089 | D:3      | Reached skill level 1 in Short Blades
  2089 | D:3      | Reached skill level 1 in Long Blades
  2089 | D:3      | Reached skill level 1 in Axes
  2089 | D:3      | Reached skill level 1 in Maces & Flails
  2089 | D:3      | Reached skill level 1 in Staves
  2089 | D:3      | Reached skill level 1 in Slings
  2089 | D:3      | Reached skill level 1 in Bows
  2089 | D:3      | Reached skill level 1 in Crossbows
  2089 | D:3      | Reached skill level 1 in Stealth
  2089 | D:3      | Reached skill level 1 in Shields
  2089 | D:3      | Reached skill level 1 in Unarmed Combat
  2089 | D:3      | Reached skill level 1 in Evocations
  2164 | D:3      | Noticed Grinder
  2164 | D:3      | Noticed Jessica
  2166 | D:3      | Killed Jessica
  2167 | D:3      | Reached XP level 4. HP: 38/38 MP: 11/11
  2178 | D:3      | Paralysed by Grinder for 3 turns
  2192 | D:3      | Slain by a hobgoblin

Illustrated notes

Levels and vault maps discovered:
D:1:      ncdulo_lavacross, layout_loops_cross
D:2:      layout_loops_ring, serial_shops, shop, chequers_serial_rivers_marsh
D:3:      layout_loops_ring, chequers_temple_overflow_statue_of_worship,
          serial_shops, nicolae_shop_waterfront, ebering_ecumenical_altar_ruins,
          uniq_grinder, uniq_jessica

Skill      XL: |  1  2  3 |
---------------+----------+-----
Spellcasting   | 5 |  5.1
Invocations    | 1 |  1.2
Short Blades   | 1 |  1.1
Long Blades    | 1 |  1.1
Axes           | 1 |  1.1
Maces & Flails | 1 |  1.1
Staves         | 1 |  1.1
Slings         | 1 |  1.1
Bows           | 1 |  1.1
Crossbows      | 1 |  1.1
Stealth        | 1 |  1.1
Shields        | 1 |  1.1
Unarmed Combat | 1 |  1.1
Evocations     | 1 |  1.1
Fighting       | |  4.6
Polearms       | |  4.6
Throwing       | |  2.7
Armour         | |  2.7
Dodging        | |  4.6
Conjurations   | |  0.9
Hexes          | |  0.9
Summonings     | |  0.9
Necromancy     | |  0.9
Translocations | |  5.4
Transmutations | |  0.9
Fire Magic     | |  0.9
Ice Magic      | |  0.9
Air Magic      | |  0.9
Earth Magic    | |  0.9
Poison Magic   | |  0.9

Action                   |  1- 3 |  4- 6 || total
-------------------------+-------+-------++-------
Melee: Spear             |    44 |       ||    44
       Bite              |     6 |     2 ||     8
       Dagger            |    37 |    23 ||    60
  Use: Scroll            |     2 |       ||     2
       Potion            |       |     1 ||     1
 Stab: Sleeping          |     4 |       ||     4
Armor: Leather armour    |     6 |     2 ||     8
       Skin              |       |    12 ||    12
Dodge: Dodged            |    34 |     7 ||    41
